 Dungeon Crawl Stone Soup version 0.32-a0-705-g60f233581c (webtiles) character file.

Game seed: 17808963666563986981

856 bobo the Charlatan (level 8, -2/61 HPs)
             Began as a Coglin Artificer on Mar 14, 2024.
             Engulfed by a cloud of flame (5 damage)
             ... on level 6 of the Dungeon.
             The game lasted 00:12:54 (3842 turns).

bobo the Charlatan (Coglin Artificer)               Turns: 3842, Time: 00:12:55

Health: -2/61      AC:  7    Str: 10    XL:     8   Next: 2%
Magic:  8/8        EV: 10    Int: 11    God:
Gold:   290        SH:  0    Dex: 17    Spells: 7/7 levels left

rFire   + . .        g - +0 short sword (protect) {Gustavo}
rCold   + . .        k - +0 short sword {Imanvir}
rNeg    . . .        b - +0 leather armour
rPois   +            s - +0 helmet
rElec   +            (no cloak)
rCorr   +            (no gloves)
SInv    .            x - +2 pair of boots
Will    .....        (amulet unavailable)
Stlth   +            (ring unavailable)
HPRegen 0.30/turn    (ring unavailable)
MPRegen 0.11/turn    (no gizmo)

%: no passive effects
@: mighty, silenced, resistant, hasted, revving, very quick
A: off-hand wielding, slow wielding, warmup strikes, no jewellery, weak 1,
evolution 1
a: Invent Gizmo


You were on level 6 of the Dungeon.
You visited 1 branch of the dungeon, and saw 6 of its levels.

You collected 290 gold pieces.

Inventory:

Hand Weapons
 g - a +0 short sword of protection (weapon) {Gustavo}
 k - a +0 short sword (offhand) {Imanvir}
Armour
 b - a +0 leather armour (worn)
 s - a +0 helmet (worn)
 x - a +2 pair of boots (worn)
Wands
 c - a wand of flame (31) (quivered)
 d - a wand of charming (8)
 e - a wand of iceblast (4)
 j - a wand of digging (6)
 u - a wand of paralysis (3)
 y - a wand of mindburst (18)
Scrolls
 a - a scroll of vulnerability
 f - a scroll of blinking
 i - a scroll of teleportation
 n - 2 scrolls of amnesia
 p - a scroll of brand weapon
Potions
 v - 4 potions of heal wounds
 z - a potion of lignification {unknown}
 A - a potion of curing {unknown}
 B - a potion of enlightenment {unknown}


   Skills:
 + Level 4.4 Fighting
 + Level 3.8 Short Blades
 - Level 1.7 Armour
 - Level 0.8 Dodging
 + Level 3.6 Stealth
 + Level 7.0 Evocations


You had 7 spell levels left.
You didn't know any spells.
Your spell library contained the following spells:

 Spells                   Type           Power      Damage    Failure   Level
 Kiss of Death            Conj/Necr      0%         2d5       43%         1
 Lesser Beckoning         Tloc           0%         N/A       56%         2
 Confusing Touch          Hex            0%         N/A       80%         3
 Gell's Gravitas          Tloc           0%         N/A       80%         3
 Hailstorm                Conj/Ice       0%         3d5       80%         3
 Summon Ice Beast         Ice/Summ       0%         N/A       80%         3
 Teleport Other           Tloc           0%         N/A       80%         3
 Dispel Undead            Necr           0%         3d6       99%         4
 Summon Forest            Summ/Tloc      0%         N/A       100%        5
 Eringya's Noxious Bog    Alch           0%         4d6       100%        6
 Permafrost Eruption      Ice/Erth       0%         2x4d2     100%        6
 Sculpt Simulacrum        Ice/Alch       0%         N/A       100%        6
 Malign Gateway           Summ/Tloc      0%         N/A       100%        7
 Summon Hydra             Summ           0%         N/A       100%        7
 Summon Horrible Things   Summ           0%         N/A       100%        8


Dungeon Overview and Level Annotations

Branches:
Dungeon (6/15)
 Temple: D:4-7

Altars:
Fedhas
Yredelemnul


Innate Abilities, Weirdness & Mutations

You can wield a second weapon in your off-hand.
It takes a long time for you to wield or remove held weapons.
Your first few attacks do less damage.
You cannot equip rings or amulets.
You are weak. (Str -2)
You have hidden genetic potential.


Message History

The orc burns you. The orc closely misses you.
As you read the scroll labelled XEFEGR LETHRIA, it crumbles to dust.
A profound silence engulfs you.
It was a scroll of silence.
The orc hits you with a +0 short sword.
The orc hits you with a +1 trident of flaming.
The orc burns you. The orc hits you with a +0 club.
It was a potion of mutation.
You feel extremely strange.
You feel weaker.
You feel clumsy.
You feel a hidden potential growing inside you.
You feel agile.
The orc hits you but does no damage. x2; The orc misses you.
Unknown command.
It was a potion of magic.
Magic courses through your body. The orc hits you with a +0 short sword.
The orc barely misses you. The orc closely misses you.
It was a potion of might.
You feel very mighty all of a sudden. The orc barely misses you.
The orc closely misses you. The orc barely misses you.
It was a potion of haste.
You feel yourself speed up. The orc hits you but does no damage.
The orc hits you with a +0 club.
It was a potion of resistance.
You feel protected.
You puncture the orc with your +0 short sword!
The orc explodes!
The fiery explosion engulfs the ice beast!!
The ice beast melts!
You kill the ice beast!
The fiery explosion engulfs the orc!!
The fiery explosion engulfs you!! You resist.
The fiery explosion engulfs the phantom!!
The phantom explodes!
The fiery explosion engulfs the orc!!
The orc explodes!
You feel a bit more experienced.
The orc explodes!
The fiery explosion engulfs you!! You resist.
* * * LOW HITPOINT WARNING * * *
You are engulfed in blazing flames.
You resist.
You die...

###############
#.$....#...####
#......#?..####
#....Y.#...####
#......'§§.####
#####.##§§§####
#####.#§§§§####*****
#####o§@#.#####*,,,*
#########......,,,,*
##>...........#,,,,*****
##..#########.#,,,,**,,,
##...Y........|,,,,+,,,,
##.######......,,,,**,,,
##.######......,,,,**,,,
##.######.....?,*****,,,
*,* *,,,,,,,* *,,,


You could see an orc (inner flame).

Vanquished Creatures
  A steam dragon (D:4)
  Edmund (D:4)
  Duvessa (D:4)
  An ice beast (D:6)
  A phantom (D:6)
  2 scorpions (D:5)
  Dowan (D:4)
  A howler monkey (D:5)
  Jessica (D:3)
  A sleepcap (D:5)
  Natasha (D:4)
  An iguana (D:5)
  An orc wizard (D:5)
  2 gnolls (D:3)
  4 adders
  2 dart slugs
  3 ribbon worms
  8 orcs
  7 ball pythons
  8 bats
  9 endoplasms
  8 giant cockroaches
  4 goblins
  7 hobgoblins
  7 jackals
  6 quokkas
  7 frilled lizards
  4 kobolds
  5 rats
105 creatures vanquished.

Vanquished Creatures (collateral kills)
  A gnoll (D:3)
  An orc (D:5)
  2 goblins (D:2)
  A frilled lizard (D:3)
  2 kobolds
7 creatures vanquished.

Grand Total: 112 creatures vanquished

Notes
Turn   | Place    | Note
-------+----------+-------------------------------------------
     0 | D:1      | bobo the Coglin Artificer began the quest for the Orb.
     0 | D:1      | Reached XP level 1. HP: 15/15 MP: 1/1
   165 | D:1      | Reached XP level 2. HP: 20/21 MP: 2/2
   348 | D:1      | Reached skill level 1 in Short Blades
   439 | D:1      | Reached XP level 3. HP: 27/27 MP: 3/3
   745 | D:2      | Found a basalt altar of Yredelemnul.
   958 | D:2      | Reached skill level 1 in Stealth
  1082 | D:2      | Reached XP level 4. HP: 33/33 MP: 4/4
  1651 | D:3      | Reached skill level 5 in Evocations
  1686 | D:3      | Reached XP level 5. HP: 34/39 MP: 5/5
  1691 | D:3      | Noticed Jessica
  1692 | D:3      | Killed Jessica
  1872 | D:3      | Found a faded altar of an unknown god.
  2183 | D:4      | Noticed a steam dragon
  2191 | D:4      | Killed a steam dragon
  2192 | D:4      | Reached XP level 6. HP: 47/47 MP: 6/6
  2455 | D:4      | Noticed Duvessa
  2459 | D:4      | Noticed Dowan
  2466 | D:4      | Killed Duvessa
  2467 | D:4      | Reached skill level 6 in Evocations
  2505 | D:4      | Killed Dowan
  2506 | D:4      | Reached XP level 7. HP: 41/52 MP: 7/7
  2590 | D:4      | Noticed Edmund
  2599 | D:4      | Killed Edmund
  2814 | D:4      | Noticed Natasha
  2829 | D:4      | Killed Natasha
  3140 | D:5      | Entered Level 5 of the Dungeon
  3328 | D:5      | Found a blossoming altar of Fedhas.
  3663 | D:5      | Reached skill level 7 in Evocations
  3801 | D:5      | Reached XP level 8. HP: 61/61 MP: 8/8
  3837 | D:6      | Gained mutation: You are weak. (Str -2) [potion of
                  | mutation]
  3837 | D:6      | Gained mutation: You are clumsy. (Dex -2) [potion of
                  | mutation]
  3837 | D:6      | Gained mutation: You have hidden genetic potential. [potion
                  | of mutation]
  3837 | D:6      | Lost mutation: You are clumsy. (Dex -2) [potion of
                  | mutation]
  3842 | D:6      | HP: 3/61 [spore (18)]
  3842 | D:6      | Engulfed by a cloud of flame

Illustrated notes

Levels and vault maps discovered:
D:1:      wander_arrival_estate, layout_basic
D:2:      minmay_evil_eye, layout_basic, basic_altar, minmay_tromino_i2
D:3:      layout_rooms, dreamdust_ecumenical_altar_angels_and_demons,
          uniq_jessica
D:4:      layout_basic, serial_bayou, serial_bayou_lake_a, serial_bayou_pond_e,
          serial_bayou_shore_b, serial_bayou_pond_b, minmay_puff, uniq_edmund,
          uniq_natasha, uniq_duvessa
D:5:      layout_cave_pools, lemuel_round_altar
D:6:      layout_basic

Skill      XL: |  1  2  3  4  5  6  7 |
---------------+----------------------+-----
Short Blades   | 1 2 3 |  3.8
Fighting       | 2 3 4 |  4.4
Stealth        | 1 2 3 |  3.6
Evocations     | 5 6 7 |  7.0
Armour         | |  1.7
Dodging        | |  0.8

Action                     |  1- 3 |  4- 6 |  7- 9 || total
---------------------------+-------+-------+-------++-------
  Melee: Dagger            |    43 |       |       ||    43
         Club              |    10 |       |       ||    10
         Short sword       |   128 |   214 |   223 ||   565
  Evoke: Wand              |     3 |     8 |     4 ||    15
    Use: Scroll            |       |       |     9 ||     9
         Potion            |       |       |     5 ||     5
   Stab: Sleeping          |     3 |     2 |     2 ||     7
         Paralysed         |       |    11 |     6 ||    17
         Distracted        |       |     1 |       ||     1
 Armour: Leather armour    |    81 |    56 |    73 ||   210
  Dodge: Dodged            |    71 |    56 |    50 ||   177

Table legend: (Time is in decaauts)
 A = Elapsed time spent in this place.
 B = Non-inter-level travel time spent in this place.
 C = Inter-level travel time spent in this place.
 D = Time resting spent in this place.
 E = Time spent auto-exploring this place.
 F = Levels seen in this place.
 G = Mean time per level.
                   A        B        C        D        E       F      G
               +--------+--------+--------+--------+--------+-----+--------+
         Total |   3843 |   3756 |     87 |    168 |   2709 |   6 |  640.5 |
       Dungeon |   3843 |   3756 |     87 |    168 |   2709 |   6 |  640.5 |
               +--------+--------+--------+--------+--------+-----+--------+

Top non-repeatable levels by time:
     D:4: 1145 daAuts
     D:2: 760 daAuts
     D:1: 733 daAuts
     D:5: 679 daAuts
     D:3: 516 daAuts
     D:6: 8 daAuts
